Construct Section Command Post
Construct Platoon Command Post
Selects Canadian Shock Battlegroup
Selects Incendiary Munitions
Unlock Bishop Self-propelled Artillery
Construct Field Infirmary
Bishop Self-propelled Artillery
6-pounder Anti-tank Gun Team
Selects Canadian Shock Section
6-pounder Anti-tank Gun Team
Selects Churchill Crocodile Heavy Tank
Churchill Crocodile Heavy Tank
Construct Company Command Post
Churchill Crocodile Heavy Tank